 Dungeon Crawl Stone Soup version 0.29-a0-1047-g7c58e119a4 (webtiles) character file.

Game seed: 6430877037831602941

315 IdlyInterested the Cudgeller (level 6, -7/47 HPs)
             Began as a Demonspawn Gladiator on Aug 16, 2022.
             Mangled by a gnoll
             ... wielding a +0 halberd
              (12 damage)
             ... on level 4 of the Dungeon.
             The game lasted 00:08:14 (4732 turns).

IdlyInterested the Cudgeller (Demonspawn Gladiator) Turns: 4732, Time: 00:08:15

Health: -7/47      AC:  9    Str: 17    XL:     6   Next: 20%
Magic:  6/6        EV:  7    Int:  9    God:
Gold:   160        SH:  4    Dex: 14    Spells: 5/5 levels left

rFire   . . .      SeeInvis .   a - +1 flail
rCold   . . .      Faith    .   f - +0 buckler
rNeg    . . .      Spirit   .   c - +0 chain mail
rPois   .          Reflect  .   (helmet restricted)
rElec   .          Harm     .   m - +0 cloak
rCorr   .          Rampage  .   (no gloves)
Will    +....                   (no boots)
Stlth   ..........              (no amulet)
HPRegen 0.15/turn               j - ring of willpower
MPRegen 0.10/turn               (no ring)

@: mighty
A: horns 1, demonic guardian 1, foul stench 1
a: no special abilities


You were on level 4 of the Dungeon.
You visited 1 branch of the dungeon, and saw 4 of its levels.

You collected 160 gold pieces.

Inventory:

Hand Weapons
 a - a +1 flail (weapon)
Missiles
 d - 3 throwing nets
 e - 4 javelins
 h - 7 poisoned darts (quivered)
Armour
 c - a +0 chain mail (worn)
 f - a +0 buckler (worn)
 m - a +0 cloak (worn)
Jewellery
 j - a ring of willpower (left hand)
Wands
 l - a wand of roots (9)
Scrolls
 i - a scroll of silence
Potions
 g - a potion of flight
 n - a potion of brilliance


   Skills:
 - Level 3.0 Fighting
 * Level 5.5 Maces & Flails
 - Level 2.0 Throwing
 - Level 3.0 Dodging
 + Level 1.5 Shields


You had 5 spell levels left.
You didn't know any spells.
Your spell library was empty.

Dungeon Overview and Level Annotations

Branches:
Dungeon (4/15)
 Temple: D:4-7

Altars:
Makhleb


Innate Abilities, Weirdness & Mutations

You have a pair of small horns on your head.
A weak demonic guardian rushes to your aid.
You may rarely emit foul miasma when damaged in melee.


Message History

The orc priest is almost dead.
You feel sick.
The orc priest hits you with a +0 flail.
* * * LOW HITPOINT WARNING * * *
The adder barely misses you.
The orc priest hits you with a +0 flail.
* * * LOW HITPOINT WARNING * * *
A demonic guardian appears!
You emit a cloud of foul miasma!
It was a potion of might.
You feel very mighty all of a sudden.
You feel sick. The adder barely misses you.
Something barely misses your white imp.
The orc priest is engulfed in dark miasma.
The orc priest is poisoned.
You kill the orc priest!
An orc comes into view. It is wielding a +0 club.
You swap places.
An orc and a goblin come into view.
You feel sick.
The adder bites your white imp but does no damage.
The adder barely misses your white imp. Something hits you but does no damage.
Your white imp closely misses the adder.
Things that are here:
a +0 flail; an orc corpse You hit the goblin.
You kill the goblin!
You feel sick.
You are no longer poisoned.
The adder bites your white imp. Something hits you but does no damage.
Your white imp closely misses the adder.
The adder bites your white imp but does no damage.
Something hits you but does no damage.
Your white imp gestures at the adder.
The puff of frost hits the adder!
Things that are here:
a +0 dagger; a goblin corpse You closely miss the gnoll.
The adder bites your white imp but does no damage.
The gnoll hits you from afar with a +0 halberd!
You die...

... #....##
.....# ....#
###.#.#.# #
....#.#.#####...
....oog........
#.#.g[@.......
#.
#.###°#######.
#.o###.# #5#
#......###S#
#o.o.oo# #
#.######
#..##.##.#######
#...............
#.######.#######


You could see 2 gnolls, an adder (distracted, ally target), 4 orcs and a
friendly white imp (summoned).

Vanquished Creatures
  A water moccasin (D:4)
  An orc priest (D:4)
  Crazy Yiuf (D:3)
  4 gnolls (D:3)
  3 adders
  2 worms (D:2)
  5 dart slugs
  An orc (D:4)
  6 ball pythons
  5 bats
  7 endoplasms
  3 giant cockroaches
  6 goblins
  10 hobgoblins
  4 quokkas
  2 frilled lizards
  3 kobolds
  A rat (D:1)
65 creatures vanquished.

Notes
Turn   | Place    | Note
-------+----------+-------------------------------------------
     0 | D:1      | IdlyInterested the Demonspawn Gladiator began the quest for
                  | the Orb.
     0 | D:1      | Reached XP level 1. HP: 16/16 MP: 1/1
   216 | D:1      | Reached skill level 3 in Maces & Flails
   450 | D:1      | Gained mutation: You have a pair of small horns on your
                  | head. [demonic ancestry]
   450 | D:1      | Reached XP level 2. HP: 22/22 MP: 2/2
   655 | D:1      | Found a faded altar of an unknown god.
  1159 | D:1      | Found a burning altar of Makhleb.
  1632 | D:2      | Reached XP level 3. HP: 27/27 MP: 3/3
  2861 | D:3      | Reached skill level 4 in Maces & Flails
  2961 | D:3      | Gained mutation: You may rarely emit foul miasma when
                  | damaged in melee. [demonic ancestry]
  2961 | D:3      | Reached XP level 4. HP: 20/34 MP: 4/4
  3651 | D:3      | Reached XP level 5. HP: 40/40 MP: 5/5
  3698 | D:3      | Found a runed translucent door.
  3699 | D:3      | Noticed Crazy Yiuf
  4197 | D:3      | Killed Crazy Yiuf
  4631 | D:4      | Noticed a water moccasin
  4641 | D:4      | Killed a water moccasin
  4642 | D:4      | Reached skill level 5 in Maces & Flails
  4642 | D:4      | Reached skill level 1 in Shields
  4642 | D:4      | Gained mutation: A weak demonic guardian rushes to your
                  | aid. [demonic ancestry]
  4642 | D:4      | Reached XP level 6. HP: 46/47 MP: 6/6
  4732 | D:4      | Mangled by a gnoll

Illustrated notes

Levels and vault maps discovered:
D:1:      dpeg_arrival_water_altar, layout_loops_corners,
          shapermc_ecumenical_altar_flowoftime
D:2:      layout_basic
D:3:      layout_basic, uniq_crazy_yiuf_cottage
D:4:      layout_loops_ring, minmay_misc_feat_tower, minmay_misc_feat_room,
          serial_bayou_pond_d

Skill      XL: |  1  2  3  4  5 |
---------------+----------------+-----
Maces & Flails | 3 4 5 |  5.5
Dodging        | 3 |  3.0
Throwing       | 2 |  2.0
Fighting       | 3 |  3.0
Shields        | 1 |  1.5

Action                   |  1- 3 |  4- 6 || total
-------------------------+-------+-------++-------
Melee: Flail             |   116 |    68 ||   184
       Headbutt          |    16 |    12 ||    28
       Punch             |     1 |       ||     1
Throw: Boomerang         |       |     6 ||     6
       Javelin           |       |     1 ||     1
       Throwing net      |       |     1 ||     1
  Use: Scroll            |     4 |     4 ||     8
       Potion            |     1 |     2 ||     3
Armor: Leather armour    |    11 |       ||    11
       Chain mail        |    42 |    42 ||    84
Dodge: Dodged            |    58 |    31 ||    89
Block: Buckler           |       |    17 ||    17

Table legend: (Time is in decaauts)
 A = Elapsed time spent in this place.
 B = Non-inter-level travel time spent in this place.
 C = Inter-level travel time spent in this place.
 D = Time resting spent in this place.
 E = Time spent auto-exploring this place.
 F = Levels seen in this place.
 G = Mean time per level.
                   A        B        C        D        E       F      G
               +--------+--------+--------+--------+--------+-----+--------+
         Total |   4754 |   4303 |    451 |   1041 |   2546 |   4 | 1188.5 |
       Dungeon |   4754 |   4303 |    451 |   1041 |   2546 |   4 | 1188.5 |
               +--------+--------+--------+--------+--------+-----+--------+

Top non-repeatable levels by time:
     D:3: 1746 daAuts
     D:1: 1610 daAuts
     D:2: 1173 daAuts
     D:4: 224 daAuts
